 Dungeon Crawl Stone Soup version 0.29-a0-620-g13ace881f2 (webtiles) character file.

Game seed: 3176786859619175474

353400 HoaS the Crack Shot (level 22, -2/144 HPs)
             Began as a Gargoyle Hunter on June 18, 2022.
             Was the Champion of Makhleb.
             Slain by Margery
             ... wielding a +5 glaive of draining
              (10 damage)
             ... on level 4 of the Vaults.
             The game lasted 01:27:54 (37767 turns).

HoaS the Crack Shot (Gargoyle Hunter)              Turns: 37767, Time: 01:27:55

Health: -2/144     AC: 43    Str: 15    XL:     22   Next: 27%
Magic:  31/31      EV: 29    Int: 13    God:    Makhleb [******]
Gold:   620        SH:  0    Dex: 28    Spells: 21/21 levels left

rFire   . . .      SeeInvis .   x - +6 longbow "Dasuckob" {flame, Dex+4}
rCold   . . .      Faith    .   (shield currently unavailable)
rNeg    + + .      Spirit   .   o - +4 ring mail
rPois   ∞          Reflect  .   u - +2 helmet
rElec   +          Harm     .   I - +2 cloak
rCorr   .          Rampage  .   T - +2 pair of gloves {Dex+3}
Will    +....                   J - +1 pair of boots "Jubba" {+Blink rN+}
Stlth   +.........              L - amulet of Ixenn {Regen+ MP+9}
HPRegen 1.14/turn               F - +4 ring of slaying
MPRegen 0.22/turn               w - +4 ring of slaying

@: mighty, marked, flying, glowing, silenced
A: sickness immunity, AC +16, big wings, negative energy resistance 1,
electricity resistance, torment resistance 1, petrification resistance
}: 2/15 runes: serpentine, barnacled
a: Renounce Religion, Evoke Blink


You were on level 4 of the Vaults.
You worshipped Makhleb.
Makhleb was exalted by your worship.
You visited 6 branches of the dungeon, and saw 35 of its levels.
You also visited: Gauntlet.

You collected 3474 gold pieces.
You spent 2854 gold pieces at shops.

Inventory:

Hand Weapons
 i - a +9 longbow of freezing
 x - the +6 longbow "Dasuckob" (weapon) {flame, Dex+4}
   (You acquired it on level 4 of the Vaults)

   Any ammunition fired from it burns those it strikes, dealing additional fire
   damage.
   Dex:       It affects your dexterity (+4).
Missiles
 a - 8 throwing nets
Armour
 o - a +4 ring mail (worn)
 u - a +2 helmet (worn)
 I - a +2 cloak (worn)
 J - the +1 pair of boots "Jubba" (worn) {+Blink rN+}
   (You bought it in a shop on level 2 of the Orcish Mines)

   rN:        It protects you from negative energy.
   +Blink:    It lets you blink.
 T - a +2 pair of gloves of dexterity (worn)
Jewellery
 b - a ring of fire
 k - a ring of see invisible
 w - a +4 ring of slaying (right hand)
 y - a +4 ring of protection
 z - the ring of Coluhous {rF+ Will- Int+6 SInv}
   (You found it on level 3 of the Snake Pit)

   [ring of intelligence]

   Int:       It affects your intelligence (+6).
   rF:        It protects you from fire.
   SInv:      It lets you see invisible.
   Will:      It decreases your willpower.
 F - a +4 ring of slaying (left hand)
 G - a ring of willpower
 K - a +6 ring of dexterity
 L - the amulet of Ixenn (around neck) {Regen+ MP+9}
   (You took it off a minotaur in a Gauntlet)

   [amulet of regeneration]

   MP:        It affects your magic capacity (+9).
   Regen:     It increases your rate of health regeneration.
 N - a ring of resist corrosion
 Q - a +6 ring of dexterity
 R - a ring of ice
 S - the ring "Sel Juivvia" {rPois Str-3 Int+6 Dex-5 Slay+5}
   (You found it on level 2 of the Shoals)

   [ring of intelligence]

   Str:       It affects your strength (-3).
   Int:       It affects your intelligence (+6).
   Dex:       It affects your dexterity (-5).
   Slay:      It affects your accuracy & damage with ranged weapons and melee
   (+5).
   rPois:     It protects you from poison.
Wands
 r - a wand of flame (59)
 v - a wand of charming (37)
 A - a wand of iceblast (41)
 E - a wand of polymorph (17)
 H - a wand of digging (15)
 U - a wand of quicksilver (13)
Scrolls
 c - 6 scrolls of immolation
 d - 11 scrolls of teleportation
 p - 5 scrolls of blinking
 q - 7 scrolls of poison
 t - 4 scrolls of fear
 B - 8 scrolls of fog
 C - 4 scrolls of magic mapping
 D - a scroll of summoning
 M - a scroll of silence
 O - 3 scrolls of brand weapon
 V - a scroll of enchant armour
Potions
 e - 4 potions of lignification
 f - 11 potions of curing
 g - 3 potions of resistance
 h - 5 potions of berserk rage
 j - 10 potions of cancellation
 l - 5 potions of ambrosia
 m - 4 potions of invisibility
 n - 5 potions of attraction
 s - 5 potions of might
 P - a potion of heal wounds


   Skills:
 + Level 17.1 Fighting
 - Level 22.0 Bows
 + Level 16.9 Armour
 * Level 19.1 Dodging
 - Level 1.1 Stealth


You had 21 spell levels left.
You didn't know any spells.
Your spell library contained the following spells:

 Spells                   Type           Power      Damage    Failure   Level
 Beastly Appendage        Tmut           0%         N/A       43%         1
 Necrotize                Necr           0%         1d4       43%         1
 Slow                     Hex            0%         N/A       43%         1
 Sting                    Tmut/Pois      0%         1d3       43%         1
 Summon Small Mammal      Summ           0%         N/A       43%         1
 Blink                    Tloc           0%         N/A       56%         2
 Poisonous Vapours        Pois/Air       0%         N/A       56%         2
 Wereblood                Tmut           0%         N/A       56%         2
 Call Canine Familiar     Summ           0%         N/A       80%         3
 Confusing Touch          Hex            0%         N/A       80%         3
 Conjure Flame            Conj/Fire      0%         6-21      80%         3
 Ignite Poison            Fire/Tmut/Pois 0%         N/A       80%         3
 Inner Flame              Hex/Fire       0%         N/A       80%         3
 Lesser Beckoning         Tloc           0%         N/A       80%         3
 Mephitic Cloud           Conj/Pois/Air  0%         N/A       80%         3
 Ozocubu's Armour         Ice            0%         N/A       80%         3
 Spider Form              Tmut/Pois      0%         N/A       80%         3
 Stone Arrow              Conj/Erth      0%         3d7       80%         3
 Summon Guardian Golem    Hex/Summ       0%         N/A       80%         3
 Vampiric Draining        Necr           0%         2d6       80%         3
 Animate Armour           Summ/Erth      0%         N/A       99%         4
 Animate Dead             Necr           0%         N/A       99%         4
 Cause Fear               Hex            0%         N/A       99%         4
 Olgreb's Toxic Radiance  Pois           0%         N/A       99%         4
 Sticky Flame             Conj/Fire      0%         2d3       99%         4
 Summon Ice Beast         Ice/Summ       0%         N/A       99%         4
 Agony                    Necr           0%         N/A       100%        5
 Alistair's Intoxication  Tmut/Pois      0%         N/A       100%        5
 Borgnjor's Vile Clutch   Necr/Erth      0%         N/A       100%        5
 Fireball                 Conj/Fire      0%         3d3       100%        5
 Freezing Cloud           Conj/Ice/Air   0%         6-21      100%        5
 Manifold Assault         Tloc           0%         N/A       100%        5
 Metabolic Englaciation   Hex/Ice        0%         N/A       100%        5
 Summon Mana Viper        Hex/Summ       0%         N/A       100%        5
 Eringya's Noxious Bog    Tmut/Pois      0%         N/A       100%        6
 Simulacrum               Ice/Necr       0%         N/A       100%        6
 Starburst                Conj/Fire      0%         6d3       100%        6
 Haunt                    Necr/Summ      0%         N/A       100%        7
 Monstrous Menagerie      Summ           0%         N/A       100%        7
 Storm Form               Tmut/Air       0%         N/A       100%        7
 Discord                  Hex            0%         N/A       100%        8
 Ignition                 Fire           0%         3d3       100%        8
 Infestation              Necr           0%         N/A       100%        8
 Lehudib's Crystal Spear  Conj/Erth      0%         10d2      100%        8
 Necromutation            Tmut/Necr      0%         N/A       100%        8
 Statue Form              Tmut/Erth      Unusable   N/A       N/A         6

Dungeon Overview and Level Annotations

Branches:
Dungeon (15/15)            Temple (0/1) D:6            Lair (6/6) D:11
 Shoals (4/4) Lair:4        Snake (4/4) Lair:2        Slime (0/5) Lair:6
    Orc (2/2) D:11            Elf (0/3) Orc:2        Vaults (4/5) D:13
  Crypt (0/3) Vaults:3     Depths (0/4) D:15        Gauntlet (visited)

Altars:
Elyvilon
Fedhas
Gozag
Kikubaaqudgha
Makhleb
Nemelex Xobeh
Trog
Uskayaw
Vehumet
Xom
Yredelemnul
Zin
Beogh
Jiyva

Shops:
D:5 *   D:9 **   D:13 *   Orc:1 *   Orc:2 (:*[   Shoals:3 ?   Shoals:4 =(**
Snake:1 *   Snake:4 =[   Vaults:1 =

Portals:
Trove: D:10 (give +4 storm dragon scales)

Annotations:
Vaults:3 2 transporters, exclusion: obsidian statue
Vaults:4 Margery, Mennas


Innate Abilities, Weirdness & Mutations

You are immune to sickness and miasma.
Your stone body is resilient. (AC +16)
You are immune to poison.
Your large and strong wings let you fly.
You resist negative energy. (rN+)
You are resistant to electric shocks. (rElec)
You are resistant to unholy torment.
You are immune to petrification.


Message History

Press: ? - help, Q - select action, (/) - cycle Shift-Dir - straight line, f/p - Mennas
Aim: Mennas, wielding a +0 eudemon blade of holy wrath and wearing a +0 tower shield (moderately wounded, haloed, 65% to hit)
You shoot an arrow. The arrow hits Mennas!
The arrow burns Mennas.
Mennas is moderately wounded.
Mennas gestures frantically.
Mennas's surroundings become eerily quiet.
The hell knight hits you with a +0 broad axe!
* * * LOW HITPOINT WARNING * * *
The hell knight hits you but does no damage.
Margery hits you from afar with a +5 glaive of draining.
* * * LOW HITPOINT WARNING * * *
The necromancer completely misses you.
Shoot: x) +6 longbow "Dasuckob" {flame, Dex+4}
Press: ? - help, Q - select action, (/) - cycle Shift-Dir - straight line, f/p - Mennas
Aim: Mennas, wielding a +0 eudemon blade of holy wrath and wearing a +0 tower shield (silenced, moderately wounded, radiating silence, haloed, 65% to hit)
You shoot an arrow.
Mennas blocks the arrow.
Mennas hits you with a +0 eudemon blade of holy wrath.
* * * LOW HITPOINT WARNING * * *
Mennas hits you with a +0 eudemon blade of holy wrath!
* * * LOW HITPOINT WARNING * * *
Shoot: x) +6 longbow "Dasuckob" {flame, Dex+4}
Press: ? - help, Q - select action, (/) - cycle Shift-Dir - straight line, f/p - Mennas
Aim: Mennas, wielding a +0 eudemon blade of holy wrath and wearing a +0 tower shield (silenced, moderately wounded, radiating silence, haloed, 65% to hit)
You shoot an arrow. The arrow barely misses Mennas.
The arrow hits Margery!
Margery is moderately wounded.
An ironbound thunderhulk comes into view.
It is wielding a +0 dire flail.
The necromancer hits you but does no damage.
The hell knight hits you but does no damage.
The hell knight completely misses you. Margery completely misses you.
Mennas hits you but does no damage. Mennas closely misses you.
Shoot: x) +6 longbow "Dasuckob" {flame, Dex+4}
Press: ? - help, Q - select action, (/) - cycle Shift-Dir - straight line, f/p - Mennas
Aim: Mennas, wielding a +0 eudemon blade of holy wrath and wearing a +0 tower shield (silenced, moderately wounded, radiating silence, haloed, 65% to hit)
You shoot an arrow. The arrow barely misses Mennas.
The arrow hits Margery but does no damage.
Margery is moderately wounded.
Mennas hits you but does no damage. x2; The necromancer completely misses you.
The hell knight completely misses you. x2
Margery hits you from afar with a +5 glaive of draining!
You die...

#...##'##.. #...#>..+..
#...#...+.. #...##'##.[
####C..#...##[ .
#.†....#....#.
..O########..)...#....'.
...u.ppp)........#....#.
....u@A@.........#######
.....p...........#
.................#
.................#
.............#####
##########+###


You could see Margery, Mennas (silencing), a frost giant, a brown very ugly
thing, an ironbound thunderhulk (unsilenced), a brown ugly thing, 2 hell knights
and 2 necromancers.

Vanquished Creatures
  A bone dragon (Vaults:4)
  Rupert (D:15)
  Jorgrun (D:13)
  A quicksilver dragon (Vaults:2)
  A sphinx (Vaults:1)
  Frances (Snake:2)
  Kirke (D:13)
  4 krakens
  Donald (Shoals:1)
  Roxanne (D:15)
  A fenstrider witch (Shoals:1)
  4 nagarajas (Snake:4)
  A frost giant (Vaults:3)
  2 orc warlords
  A fire giant (Vaults:2)
  Louise (D:15)
  3 vault wardens
  7 very ugly things (Vaults:2)
  2 war gargoyles (Vaults:3)
  13 ironbound preservers
  A stone giant (Vaults:4)
  Nessos (D:14)
  2 ironbound thunderhulks (Vaults:1)
  The ghost of Yzyom the Imperceptible, a journeyman FeBe of Trog (Shoals:2)
  A minotaur (Gauntlet)
  14 dire elephants
  2 entropy weavers (Vaults:1)
  Snorg (Lair:5)
  9 merfolk impalers
  2 ettins
  7 merfolk javelineers
  7 yaktaur captains
  A spectral kraken (Shoals:2)
  Josephine (D:15)
  4 great orbs of eyes
  Harold (D:9)
  Fannar (Lair:1)
  6 hydras
  A peacekeeper (Vaults:3)
  4 boulder beetles
  7 ironbound frosthearts
  2 salamander tyrants
  7 merfolk avatars
  A quicksilver dragon skeleton (Vaults:4)
  3 ghost crabs (Vaults:4)
  4 two-headed ogres
  10 anacondas
  13 centaur warriors
  2 alligator snapping turtles
  6 merfolk aquamancers
  9 naga warriors
  A two-headed ogre (shapeshifter) (Gauntlet)
  2 satyrs (Shoals:3)
  Urug (Orc:2)
  7 death yaks
  12 naga sharpshooters
  An orc high priest (Orc:2)
  7 shock serpents
  18 sea snakes
  An iron troll (D:13)
  A shadow wraith (D:13)
  A skeletal warrior (D:14)
  A hell knight (Vaults:4)
  A sea snake (shapeshifter) (Gauntlet)
  48 deep trolls
  A glowing orange brain (Gauntlet)
  A spriggan simulacrum (Vaults:4)
  A quicksilver dragon simulacrum (Vaults:4)
  5 salamander mystics
  4 naga ritualists
  14 ironbound convokers
  7 lindwurms
  9 harpies (Vaults:1)
  6 wizards
  Pikel (D:5)
  An orange crystal statue (D:13)
  2 necromancers
  4 orc knights
  8 mana vipers
  3 deep elf pyromancers
  2 orc sorcerers (Orc:2)
  An oklob plant (Lair:3)
  A wolf spider (D:15)
  A frost giant zombie (Vaults:3)
  30 fauns
  18 salamanders
  18 manticores
  6 cyclopes
  3 elephants (Lair:6)
  8 merfolk sirens
  11 vault sentinels
  35 ugly things
  8 guardian serpents
  20 naga magi
  14 cane toads
  29 black mambas
  A torpor snail (Lair:4)
  9 water nymphs
  A gargoyle (D:11)
  2 spectral sea snakes (Shoals:2)
  An efreet (D:14)
  6 rime drakes
  7 komodo dragons
  A minotaur zombie (Gauntlet)
  17 yaktaurs
  3 polar bears
  4 tengu conjurers (D:14)
  An elf skeleton (Vaults:3)
  7 trolls
  2 tengu simulacra
  24 merfolk
  A meliai (D:13)
  8 wind drakes
  2 harpy zombies (Shoals:3)
  A wind drake (shapeshifter) (D:13)
  A blink frog (shapeshifter) (D:15)
  10 blink frogs
  A tarantella (Vaults:1)
  13 snapping turtles
  27 slime creatures
  9 dream sheep
  A dream sheep (shapeshifter) (Gauntlet)
  2 culicivoras (Vaults:1)
  A culicivora (shapeshifter) (D:13)
  Sigmund (D:6)
  A shadow (D:12)
  3 hogs
  2 wyverns (Lair:4)
  5 water elementals
  7 wraiths
  2 yaks (shapeshifter)
  15 yaks
  A vampire (D:9)
  4 basilisks
  Eustachio (D:6)
  2 steam dragons
  10 vampire mosquitoes
  3 redbacks (Vaults:1)
  Menkaure (D:7)
  A human simulacrum (Vaults:3)
  38 nagas
  3 small abominations (Vaults:4)
  7 wargs
  A spectral snapping turtle (Shoals:2)
  An ogre zombie (Vaults:3)
  An acid dragon (D:10)
  Duvessa (D:6)
  14 water moccasins
  2 glowing shapeshifter skeletons (Vaults:4)
  36 orc warriors
  3 sky beasts (D:7)
  3 ice beasts
  2 manticore zombies (Shoals:3)
  5 ogres
  5 black bears
  10 wolves
  A boggart (D:14)
  20 centaurs
  A lemure (D:5)
  A phantom (D:4)
  6 kobold brigands
  12 bullfrogs
  A gnoll sergeant (D:10)
  A necrophage (D:6)
  2 scorpions
  Dowan (D:6)
  8 wights
  4 killer bees (D:11)
  7 electric eels
  4 howler monkeys
  2 hounds (D:5)
  21 orc priests
  A jelly (D:6)
  4 gnoll shamans
  2 iguanas
  24 orc wizards
  15 adders
  35 gnolls
  12 white imps (D:12)
  3 ufetubi
  A worm (D:2)
  A dart slug (D:2)
  94 orcs
  A bat zombie (Shoals:3)
  9 endoplasms
  3 giant cockroaches
  4 hobgoblins
  4 jackals (D:1)
  2 quokkas
  10 ball pythons
  3 bats
  5 frilled lizards
  9 goblins
  30 kobolds
  6 rats
  15 tentacles
1292 creatures vanquished.

Vanquished Creatures (collateral kills)
  A water moccasin (Lair:2)
1 creature vanquished.

Vanquished Creatures (others)
  A human (D:13)
  A naga (Snake:4)
  31 fungi
  84 plants
  31 tentacles
148 creatures vanquished.

Grand Total: 1441 creatures vanquished

Notes
Turn   | Place    | Note
-------+----------+-------------------------------------------
     0 | D:1      | HoaS the Gargoyle Hunter began the quest for the Orb.
     0 | D:1      | Reached XP level 1. HP: 12/12 MP: 1/1
   163 | D:1      | Reached XP level 2. HP: 17/17 MP: 2/2
   763 | D:1      | Reached XP level 3. HP: 21/21 MP: 3/3
   813 | D:1      | Reached skill level 5 in Bows
  1336 | D:2      | Reached XP level 4. HP: 21/26 MP: 4/4
  1953 | D:2      | Identified the +1 scale mail of Gehenna {*Corrode rPois
                  | Int+6}
  2117 | D:3      | Found a faded altar of an unknown god.
  2189 | D:3      | Found a basalt altar of Yredelemnul.
  2232 | D:3      | Found a radiant altar of Vehumet.
  2336 | D:3      | Reached skill level 6 in Bows
  2421 | D:3      | Noticed a scorpion
  2433 | D:3      | Killed a scorpion
  2434 | D:3      | Reached XP level 5. HP: 21/30 MP: 5/5
  2950 | D:3      | Found a blossoming altar of Fedhas.
  2981 | D:3      | Found a burning altar of Makhleb.
  2992 | D:3      | Became a worshipper of Makhleb the Destroyer
  3167 | D:3      | Identified a scroll of acquirement
  3167 | D:3      | Acquired a +4 longbow of flaming
  3239 | D:4      | Noticed a phantom
  3241 | D:4      | Killed a phantom
  3242 | D:4      | Reached skill level 7 in Bows
  3242 | D:4      | Reached XP level 6. HP: 35/35 MP: 6/6
  3466 | D:4      | Noticed a water moccasin
  3474 | D:4      | Killed a water moccasin
  3475 | D:4      | Reached skill level 8 in Bows
  3496 | D:4      | Reached XP level 7. HP: 40/40 MP: 7/7
  3799 | D:4      | Reached * piety under Makhleb
  3834 | D:5      | Entered Level 5 of the Dungeon
  3839 | D:5      | Reached skill level 9 in Bows
  3936 | D:5      | Found Omaebb's General Store.
  3955 | D:5      | Bought a potion of haste for 120 gold pieces
  4066 | D:5      | Reached XP level 8. HP: 29/44 MP: 8/8
  4226 | D:5      | Reached skill level 10 in Bows
  4502 | D:5      | Reached skill level 11 in Bows
  4580 | D:5      | Noticed Pikel
  4611 | D:5      | Killed Pikel
  4612 | D:5      | Reached skill level 12 in Bows
  4612 | D:5      | Reached XP level 9. HP: 40/48 MP: 9/9
  4941 | D:6      | Reached ** piety under Makhleb
  5028 | D:6      | Found a shimmering altar of Xom.
  5141 | D:6      | Noticed an angel
  5145 | D:6      | Found a glowing silver altar of Zin.
  5204 | D:6      | Noticed Eustachio
  5209 | D:6      | Noticed Sigmund
  5213 | D:6      | Killed Eustachio
  5219 | D:6      | Killed Sigmund
  5220 | D:6      | Reached skill level 13 in Bows
  5224 | D:6      | Noticed Dowan
  5226 | D:6      | Noticed Duvessa
  5235 | D:6      | Killed Duvessa
  5236 | D:6      | Killed Dowan
  5561 | D:6      | Found a staircase to the Ecumenical Temple.
  6011 | D:7      | Found a bloodstained altar of Trog.
  6190 | D:7      | Noticed Menkaure
  6194 | D:7      | Reached skill level 14 in Bows
  6194 | D:7      | Killed Menkaure
  6195 | D:7      | Reached XP level 10. HP: 47/53 MP: 10/10
  6425 | D:7      | Reached *** piety under Makhleb
  6664 | D:8      | Noticed a manticore
  7162 | D:8      | Reached skill level 15 in Bows
  7464 | D:8      | Noticed a two-headed ogre
  7659 | D:9      | Reached **** piety under Makhleb
  7816 | D:9      | Found an opulent altar of Gozag.
  7889 | D:9      | Found Ubla's Lightly-Used Armoury.
  8062 | D:9      | Noticed Harold
  8076 | D:9      | HP: 1/53 [Harold/+0 scimitar (8)]
  8093 | D:9      | Reached skill level 16 in Bows
  8117 | D:10     | Entered Level 10 of the Dungeon
  8409 | D:8      | Killed a manticore
  8470 | D:8      | Killed a two-headed ogre
  8471 | D:8      | Reached XP level 11. HP: 57/57 MP: 11/11
  8905 | D:9      | Killed Harold
  8906 | D:9      | Reached skill level 17 in Bows
  9132 | D:9      | Found Uhoces's Serpentskin Sales.
  9354 | D:9      | Noticed a five-headed hydra
  9360 | D:9      | Killed a five-headed hydra
  9360 | D:9      | Reached ***** piety under Makhleb
  9472 | D:10     | Found a hide-covered altar of Uskayaw.
  9816 | D:10     | Found a portal to a secret trove of treasure.
  9852 | D:10     | Found a sparkling altar of Nemelex Xobeh.
 10183 | D:11     | Noticed a cyclops
 10190 | D:11     | Killed a cyclops
 10191 | D:11     | Reached skill level 18 in Bows
 10725 | D:11     | Found a staircase to the Lair.
 10761 | D:11     | Noticed a boulder beetle
 10779 | D:11     | Killed a boulder beetle
 10780 | D:11     | Reached XP level 12. HP: 61/62 MP: 12/12
 10881 | D:11     | Found a staircase to the Orcish Mines.
 11150 | D:11     | Noticed a two-headed ogre
 11543 | Lair:1   | Entered Level 1 of the Lair of Beasts
 11574 | Lair:1   | Noticed Fannar
 11597 | Lair:1   | Reached skill level 19 in Bows
 13576 | Lair:2   | Found a staircase to the Snake Pit.
 14005 | Lair:3   | Reached skill level 20 in Bows
 14807 | Lair:4   | Found a staircase to the Shoals.
 14812 | Lair:4   | Reached skill level 21 in Bows
 14812 | Lair:4   | Reached XP level 13. HP: 66/66 MP: 13/13
 14813 | Lair:4   | Gained mutation: Your large and strong wings let you fly.
                  | [Gargoyle growth]
 14813 | Lair:4   | Reached XP level 14. HP: 72/72 MP: 14/14
 15042 | Lair:4   | Reached skill level 22 in Bows
 15140 | Lair:4   | Reached skill level 1 in Armour
 15408 | Lair:4   | Reached XP level 15. HP: 78/78 MP: 15/15
 15968 | Lair:5   | Noticed Snorg
 15974 | Lair:5   | Killed Snorg
 16482 | Lair:6   | Entered Level 6 of the Lair of Beasts
 16534 | Lair:6   | Reached ****** piety under Makhleb
 16595 | Lair:6   | Found the +12 pair of quick blades "Gyre" and "Gimble"
                  | {protect}
 16603 | Lair:6   | Identified the +1 leather armour of the Poles {rElec rC-
                  | Will+ Slay+2}
 16743 | Lair:6   | Reached skill level 5 in Fighting
 16758 | Lair:6   | Found a gate leading to a gauntlet.
 16767 | Gauntlet | Entered a Gauntlet
 16767 | Gauntlet | Found a transporter.
 16776 | Gauntlet | Found a transporter.
 16793 | Gauntlet | Found a transporter.
 16797 | Gauntlet | Found a transporter.
 16799 | Gauntlet | Found a large runed translucent door.
 16800 | Gauntlet | Found a large runed translucent door.
 16801 | Gauntlet | Found a large runed translucent door.
 16801 | Gauntlet | Found a large runed translucent door.
 16801 | Gauntlet | Found a runed translucent door.
 16802 | Gauntlet | Found a large runed translucent door.
 16803 | Gauntlet | Found a large runed translucent door.
 16804 | Gauntlet | Found a large runed translucent door.
 16804 | Gauntlet | Found a large runed translucent door.
 16805 | Gauntlet | Found a runed translucent gate.
 16818 | Gauntlet | Found a transporter.
 16818 | Gauntlet | Found a runed translucent gate.
 16819 | Gauntlet | Found a runed translucent gate.
 16821 | Gauntlet | Found a large runed translucent door.
 16822 | Gauntlet | Found a large runed translucent door.
 16831 | Gauntlet | Found a transporter.
 16832 | Gauntlet | Found a large runed translucent door.
 16837 | Gauntlet | Noticed an azure jelly
 16837 | Gauntlet | a death yak changed into an azure jelly
 16841 | Gauntlet | an azure jelly changed into a death yak
 16845 | Gauntlet | Found a transporter.
 16873 | Gauntlet | Found a runed translucent door.
 16874 | Gauntlet | Found a transporter.
 16874 | Gauntlet | Found a transporter.
 16879 | Gauntlet | Found a transporter.
 16888 | Gauntlet | Found a runed translucent door.
 16910 | Gauntlet | Found a transporter.
 16910 | Gauntlet | Found a transporter.
 16911 | Gauntlet | Found the +2 hood of the Assassin {Detection Stab+ Stlth++}
 16929 | Gauntlet | Found a large runed translucent door.
 16930 | Gauntlet | Found a large runed translucent door.
 16931 | Gauntlet | Found a large runed translucent door.
 16932 | Gauntlet | Found a large runed translucent door.
 16932 | Gauntlet | Found a runed translucent door.
 16933 | Gauntlet | Found a large runed translucent door.
 17019 | Gauntlet | Identified the +1 leather armour "Emeyn" {*Slow Will- Str+9
                  | Int+8}
 17095 | Gauntlet | Identified the +4 rapier "Cues" {elec, rElec Int+6}
 17095 | Gauntlet | Identified the amulet of Ixenn {Regen+ MP+9}
 17109 | Gauntlet | Identified the +2 ring mail "Luyvuleoqe" {rCorr Str+2}
 17187 | Lair:6   | Found a viscous altar of Jiyva.
 17194 | Lair:6   | Found a staircase to the Slime Pits.
 17229 | Lair:6   | Reached skill level 5 in Armour
 18261 | D:12     | Found a frozen archway.
 18761 | Orc:1    | Entered Level 1 of the Orcish Mines
 19130 | Orc:1    | Found Zosioh's CLEARANCE SALE!.
 19150 | Orc:1    | Bought a scroll of magic mapping for 7 gold pieces
 19350 | Orc:2    | Entered Level 2 of the Orcish Mines
 19358 | Orc:2    | Noticed an orc warlord
 19492 | Orc:2    | Found a staircase to the Elven Halls.
 19552 | Orc:2    | Noticed Urug
 19571 | Orc:2    | Killed Urug
 19664 | Orc:2    | Reached XP level 16. HP: 92/92 MP: 16/16
 19882 | Orc:2    | Found Jasioseumyc's Antique Armour Boutique.
 19895 | Orc:2    | Bought a pair of spiked boots for 218 gold pieces
 19895 | Orc:2    | Identified the +1 pair of boots "Jubba" {+Blink rN+} (You
                  | bought it in a shop on level 2 of the Orcish Mines)
 19914 | Orc:2    | Found Nuzeyr Rapn's General Store.
 19920 | Orc:2    | Bought a potion of curing for 42 gold pieces
 20148 | Orc:2    | Reached skill level 10 in Dodging
 20187 | Orc:2    | Found Peiwniax's Antique Weapon Boutique.
 20209 | Orc:2    | Found Son Sifu's Book Boutique.
 20937 | D:13     | Noticed Jorgrun
 20954 | D:13     | Killed Jorgrun
 21060 | D:13     | Found Faidod's Pet Rocks.
 21177 | D:13     | Found a gate to the Vaults.
 21337 | D:14     | Noticed Kirke
 21421 | D:14     | Noticed Nessos
 21438 | D:14     | Killed Nessos
 21518 | D:14     | Identified the +1 robe of Jeusirro {rN+ Dex-5 Slay+3}
 22063 | D:14     | Found a glowing silver altar of Zin.
 22163 | D:15     | Entered Level 15 of the Dungeon
 22263 | D:15     | Noticed Louise
 22277 | D:15     | Killed Louise
 22291 | D:15     | Noticed Josephine
 22296 | D:15     | Killed Josephine
 22353 | D:15     | Identified Roxanne's Grimoire of Moulding
 22353 | D:15     | Noticed Roxanne
 22362 | D:15     | Killed Roxanne
 22363 | D:15     | Reached skill level 10 in Fighting
 22505 | D:15     | Noticed Rupert
 22517 | D:15     | Killed Rupert
 22518 | D:15     | Reached XP level 17. HP: 60/102 MP: 17/17
 22660 | D:15     | Found a staircase to the Depths.
 22880 | D:13     | Killed Kirke
 22881 | D:13     | Reached skill level 10 in Armour
 22992 | Snake:1  | Entered Level 1 of the Snake Pit
 23849 | Snake:1  | Found Kopnoqyps's Assorted Antiques.
 23857 | Snake:1  | Bought a potion of might for 172 gold pieces
 23857 | Snake:1  | Bought a scroll of teleportation for 129 gold pieces
 25036 | Snake:2  | Noticed Frances
 25046 | Snake:2  | Killed Frances
 26255 | Snake:3  | Identified the ring of Coluhous {rF+ Will- Int+6 SInv}
 26642 | Snake:3  | Found a white marble altar of Elyvilon.
 26675 | Snake:3  | Reached XP level 18. HP: 112/112 MP: 18/18
 27141 | Snake:4  | Entered Level 4 of the Snake Pit
 27547 | Snake:4  | Found Ynoyfuaf's Jewellery Shop.
 27556 | Snake:4  | Found Juepp's Armour Boutique.
 28035 | Snake:4  | Got a serpentine rune of Zot
 28327 | Lair:1   | Killed Fannar
 28440 | Shoals:1 | Entered Level 1 of the Shoals
 28454 | Shoals:1 | Noticed Donald
 28466 | Shoals:1 | Killed Donald
 28862 | Shoals:1 | Reached skill level 15 in Dodging
 29904 | Shoals:2 | Reached XP level 19. HP: 19/120 MP: 19/19
 30131 | Shoals:2 | Noticed Yzyom's ghost (journeyman FeBe)
 30143 | Shoals:2 | Found a transporter.
 30145 | Shoals:2 | Found a transporter.
 31023 | Shoals:3 | Found Elucaatu's Magic Scroll Shoppe.
 31065 | Shoals:3 | Bought a scroll of teleportation for 45 gold pieces
 31065 | Shoals:3 | Bought a scroll of teleportation for 45 gold pieces
 31065 | Shoals:3 | Bought a scroll of fog for 30 gold pieces
 31065 | Shoals:3 | Bought a scroll of fog for 30 gold pieces
 31465 | Shoals:4 | Entered Level 4 of the Shoals
 31661 | Shoals:4 | Found Niudeidi's Assorted Antiques.
 31686 | Shoals:4 | Bought a potion of experience for 1800 gold pieces
 31686 | Shoals:4 | Bought a scroll of teleportation for 108 gold pieces
 31686 | Shoals:4 | Bought a potion of curing for 108 gold pieces
 31686 | Shoals:4 | Reached XP level 20. HP: 128/128 MP: 20/20
 31838 | Shoals:4 | Found Qejaenit's Jewellery Boutique.
 32033 | Shoals:4 | Found Mileliz's Weapon Boutique.
 32072 | Shoals:4 | Found Mali's Assorted Antiques.
 32578 | Shoals:4 | Got a barnacled rune of Zot
 33049 | Vaults:1 | Entered Level 1 of the Vaults
 33183 | Vaults:1 | Reached skill level 15 in Fighting
 33283 | Vaults:1 | Found Heixips's Jewellery Emporium.
 33403 | Vaults:1 | Reached skill level 15 in Armour
 33535 | Vaults:1 | Paralysed by a sphinx for 4 turns
 33700 | Vaults:1 | Reached XP level 21. HP: 134/134 MP: 21/21
 36039 | Vaults:3 | Found a staircase to the Crypt.
 36039 | Vaults:3 | Found a basalt altar of Yredelemnul.
 36040 | Vaults:3 | Found an ancient bone altar of Kikubaaqudgha.
 36321 | Vaults:3 | Found a transporter.
 36331 | Vaults:3 | Found a transporter.
 36912 | Shoals:2 | Killed Yzyom's ghost
 36931 | Shoals:2 | Identified the ring "Sel Juivvia" {rPois Str-3 Int+6 Dex-5
                  | Slay+5}
 37238 | Vaults:4 | Identified the +1 scale mail "Deggiaha" {Rampage *Corrode
                  | rN+++ Str+3}
 37302 | Vaults:4 | Noticed Margery
 37312 | Vaults:4 | Reached XP level 22. HP: 144/144 MP: 22/22
 37316 | Vaults:4 | Acquired the +6 longbow "Dasuckob" {flame, Dex+4}
 37563 | Vaults:4 | Got the Catalogue of Darkness
 37741 | Vaults:4 | Noticed Mennas
 37765 | Vaults:4 | HP: 6/144 [Mennas/+0 eudemon blade of holy wrath (8)]
 37767 | Vaults:4 | Slain by Margery

Illustrated notes

Levels and vault maps discovered:
D:1:      amcnicky_arrival_feature_with_door, layout_basic
D:2:      layout_basic
D:3:      layout_basic, mainiacjoe_overflow_two_lobes,
          nicolae_vehumet_altar_sigil, mainiacjoe_overflow_boulevard,
          ebering_ecumenical_altar_box
D:4:      layout_basic, abandoned_shop, kennysheep_decorative_pillar,
          wad_floor_pattern_untrapped, grunt_decor_fettered
D:5:      layout_basic, serial_shops, nicolae_diamond_shop,
          hangedman_decor_riveting, uniq_pikel
D:6:      layout_rooms, grunt_temple_overflow_order_and_chaos_1, temple_statues,
          nrook_uturn, uniq_duvessa, uniq_eustachio, uniq_sigmund
D:7:      layout_loops_ring, mainiacjoe_overflow_concentric_impassable,
          uniq_menkaure
D:8:      layout_cave_pools, special_room [special_room_orc],
          hangedman_decor_peaks_small, minivault_11
D:9:      hangedman_cross_stitches, layout_small_grid, kennysheep_little_box,
          st_stairs_6, nicolae_two_hexagons, serial_bayou_ford_a,
          minmay_shop_damaged, guppyfry_shop_venom, uniq_harold
D:10:     layout_long_grid, nemelex_diamond_rough_becter,
          nicolae_overflow_crystal_walls, nicolae_trove_entry_crossroad
D:11:     layout_long_grid, grunt_lair_entry_orc_guard_hut,
          minmay_orc_entry_temple_small, nrook_guardian_serpent_double
D:12:     layout_cave_pods, portal_ice_cave_entry_imps, serial_bayou_lagoon_a,
          kennysheep_generic_room_6
D:13:     layout_gridville, david_vaults_4, minivault_16, guppyfry_shop_earth,
          uniq_jorgrun
D:14:     minmay_the_grid_octo_triangle [minmay_the_grid_octo_toaster,
          minmay_the_grid_octo_prize_big_c, minmay_the_grid_octo_checkered],
          layout_cave_pools, chequers_garden, zin_treasury, uniq_kirke,
          uniq_nessos
D:15:     hangedman_depths_entry_try_elsewhere_first, layout_rooms,
          grunt_decor_junction, uniq_roxanne, uniq_louise, uniq_josephine,
          uniq_rupert
Lair:1:   layout_layer_cave, uniq_fannar
Lair:2:   layout_long_grid, minmay_snake_entry_guardpost_small,
          lemuel_fruit_fields, grunt_megastairs_2
Lair:3:   layout_regular_city, serial_bayou_shore_a, grunt_megastairs_3
Lair:4:   layout_regular_city, elwin_shoals_entry_rocks, beast_lair_carwin_3,
          grunt_megastairs_1
Lair:5:   layout_loops_ring, infiniplex_staircase_pool_2, uniq_snorg
Lair:6:   gammafunk_lair_ancient_temple, layout_gridlike, slime_altar_1,
          enter_volcano_2, gauntlet_entry_generic, serial_bayou_shore_b
Shoals:1: layout_shoals, nicolae_shoals_beach_house_on_fowls_legs, uniq_donald
Shoals:2: cheibrodos_shoals_epimethial_gifts, layout_shoals,
          ebering_ghost_davey_jones
Shoals:3: layout_shoals, serial_shops, shop, nicolae_shoals_undead_eyrie
Shoals:4: shoals_end_hangedman, layout_shoals, serial_shops, shop,
          nicolae_shop_behind_doors, nicolae_square_shop,
          nicolae_shop_statue_plus
Snake:1:  layout_chambers, serial_shops, nicolae_shop_crystal,
          serial_bayou_shore_b
Snake:2:  nicolae_sea_snake_s, layout_rooms, uniq_frances
Snake:3:  layout_onion_interference, basic_altar
Snake:4:  johnstein_snake_rune_scales, layout_misc_corridors, minmay_shoptagon
Orc:1:    layout_caves, nicolae_shop_clearance
Orc:2:    grunt_orc_cross, layout_caves
Vaults:1: ontoclasm_vaults_ring_small, vaults_mumra_chevron,
          vaults_standard_mumra_enter_the_diamond, hangedman_vaults_cutoff,
          v_misc_5, vaults_standard_mumra_lines, hangedman_vaults_unwind,
          vaults_room_pool, grunt_vaults_trifunnel, ontoclasm_vaults_tryst,
          nicolae_vaults_asterisk, ontoclasm_vaults_fault, v_misc_25,
          ontoclasm_vaults_loading_screen, layout_vaults_maze_bifur,
          serial_shops, shop
Vaults:2: dpeg_vaults_monster_row, vaults_mumra_hex, vaults_room_fours,
          vaults_room_door_ring, vaults_dpeg_diagonal,
          grunt_vaults_hallway_short, ontoclasm_vaults_gateway,
          layout_vaults_quadrants
Vaults:3: ontoclasm_vaults_idyll, v_misc_18, ontoclasm_vaults_ring_small,
          gammafunk_sealed_arena, v_alt_pattern_6,
          minmay_crypt_entry_necro_gods, serial_ice_g, hangedman_vaults_nails,
          vaults_dpeg_ring, layout_vaults_chaotic_city
Vaults:4: v_misc_23, v_misc_8, hangedman_vaults_slice, st_lines,
          nicolae_vaults_network_s, ontoclasm_vaults_misaligned, v_misc_1,
          v_rooms_1, grunt_vaults_focal, vaults_room_semicircle,
          vaults_room_stairs_pillars, layout_vaults_omnicross,
          serial_hangedman_research, hangedman_research_quantum,
          hangedman_research_thanatology, hangedman_research_convocations,
          hangedman_research_geology, uniq_mara, uniq_mennas, uniq_jory,
          uniq_margery

Skill      XL: |  1  2  3  4  5  6  7  8  9 10 11 12 13 14 15 16 17 18 19 20 21 22 |
---------------+-------------------------------------------------------------------+-----
Bows           | 5 6 7 8 9 12 14 16 18 21 22 | 22.0
Dodging        | 6 9 12 13 15 16 17 18 19 | 19.1
Armour         | 1 7 9 11 13 14 15 16 | 16.9
Fighting       | 3 7 10 12 13 14 15 16 17 | 17.1
Stealth        | |  1.1

Action                   |  1- 3 |  4- 6 |  7- 9 | 10-12 | 13-15 | 16-18 | 19-21 | 22-24 || total
-------------------------+-------+-------+-------+-------+-------+-------+-------+-------++-------
 Fire: Shortbow          |   103 |    64 |       |       |       |       |       |       ||   167
       Longbow           |       |    28 |   240 |   526 |   556 |  1433 |  1223 |   194 ||  4200
  Use: Scroll            |     1 |    11 |     3 |    21 |     8 |     3 |     7 |     1 ||    55
       Potion            |       |       |     2 |    10 |     7 |    14 |     4 |     2 ||    39
Armor: Leather armour    |    18 |     3 |       |       |       |       |       |       ||    21
       Ring mail         |       |    14 |    31 |    96 |    72 |   349 |   276 |   113 ||   951
Dodge: Dodged            |    27 |    20 |    52 |    92 |    80 |   596 |   572 |   213 ||  1652

Table legend: (Time is in decaauts)
 A = Elapsed time spent in this place.
 B = Non-inter-level travel time spent in this place.
 C = Inter-level travel time spent in this place.
 D = Time resting spent in this place.
 E = Time spent auto-exploring this place.
 F = Levels seen in this place.
 G = Mean time per level.
                   A        B        C        D        E       F      G
               +--------+--------+--------+--------+--------+-----+--------+
         Total |  37188 |  34511 |   2677 |   5951 |  22082 |  36 | 1033.0 |
       Dungeon |  15047 |  13994 |   1053 |   2957 |   8549 |  15 | 1003.1 |
          Lair |   6397 |   5600 |    797 |    626 |   4265 |   6 | 1066.2 |
        Shoals |   4413 |   4155 |    258 |    677 |   2429 |   4 | 1103.2 |
     Snake Pit |   5151 |   4894 |    257 |   1020 |   3104 |   4 | 1287.8 |
  Orcish Mines |   1842 |   1739 |    103 |    558 |    842 |   2 |  921.0 |
        Vaults |   3964 |   3757 |    207 |     80 |   2701 |   4 |  991.0 |
      Gauntlet |    371 |    371 |      0 |     32 |    191 |   1 |  371.0 |
               +--------+--------+--------+--------+--------+-----+--------+

Top non-repeatable levels by time:
 Snake:1: 1758 daAuts
 Snake:3: 1739 daAuts
  Lair:1: 1627 daAuts
    D:11: 1579 daAuts
Shoals:4: 1295 daAuts
     D:7: 1259 daAuts
Vaults:2: 1257 daAuts
Vaults:3: 1214 daAuts
Shoals:2: 1174 daAuts
     D:9: 1168 daAuts
  Lair:2: 1159 daAuts
     D:1: 1138 daAuts
Shoals:1: 1096 daAuts
     D:3: 1075 daAuts
   Orc:2: 1031 daAuts
